Map: Catalyst LE

Players

Crimson - Winner!

  • Race: Terran Terran
  • League: Diamond
  • Spawn Location: 11:00

RenamOn

  • Race: Zerg Zerg
  • League: Diamond
  • Spawn Location: 5:00

VOD

Have the link to the VOD?

Description

Time

  • Played on: June 18, 2018, 4:26 p.m.
  • Length: 11:19
Show
View Real Time Build Order
Export as new Build Order

Crimson Terran - Winner!

Build Orders: Reaper Expand, MMM Bio 

Get SALT Encoding   

  12  0:00  SCV  
  13  0:12  SCV  
  14  0:17  Supply Depot  
  14  0:25  SCV  
  15  0:39  SCV  
  15  0:40  Barracks  
  16  0:45  Refinery  
  16  0:51  SCV  
  17  1:03  SCV  
  18  1:15  SCV  
  19  1:27  Orbital Command  
  19  1:28  Reaper  
  20  1:44  Command Center  
  20  1:53  SCV  
  21  1:55  Supply Depot  
  21  2:00  Marine  
  22  2:05  SCV  
  23  2:12  Factory  
  23  2:17  SCV  
  23  2:21  Refinery  
  23  2:22  Barracks Reactor  
  24  2:29  SCV  
  25  2:42  SCV  
  26  3:01  Orbital Command, SCV  
  27  3:05  Marine x2  
  27  3:10  Widow Mine  
  27  3:11  Barracks  
  31  3:13  Barracks  
  31  3:17  Starport, SCV  
  32  3:23  Marine x2  
  34  3:29  SCV  
  35  3:36  SCV  
  35  3:40  Factory Reactor  
  35  3:41  SCV  
  36  3:48  SCV  
  37  3:49  Supply Depot  
  37  3:51  Marine x2  
  37  3:53  SCV  
  40  4:00  Barracks Tech Lab, SCV  
  40  4:02  Barracks Reactor  
  40  4:11  SCV  
  40  4:12  SCV  
  42  4:20  Supply Depot  
  42  4:22  Stimpack, Marine x3  
  45  4:26  SCV x2  
  45  4:29  Medivac  
  45  4:30  Medivac  
  51  4:38  SCV x2  
  53  4:40  Marine  
  53  4:42  Marine  
  53  4:52  Command Center  
  53  4:54  Marine x3, SCV x2  
  53  4:57  Marine  
  53  4:59  Marine  
  60  5:11  Engineering Bay  
  60  5:12  Marine x2  
  60  5:13  Engineering Bay  
  60  5:40  Terran Infantry Armor Level 1, Terran Infantry Weapons Level 1  
  62  5:44  Refinery  
  62  5:45  Refinery  
  62  5:46  Factory Reactor  
  62  5:50  Supply Depot x2  
  62  5:52  Supply Depot  
  62  5:53  Marine x2  
  62  5:56  Barracks  
  62  5:59  Barracks  
  62  6:04  SCV x2, Medivac x2, Marine x3  
  71  6:07  Orbital Command  
  71  6:14  Supply Depot  
  71  6:22  Combat Shields  
  69  6:47  Marine x4  
  69  6:48  Marine  
  69  6:50  Marine x2  
  69  6:53  Armory  
  76  6:55  Supply Depot, Medivac x2  
  80  7:01  Factory Tech Lab  
  80  7:05  Marine x3  
  76  7:12  Marine x2  
  76  7:13  Barracks Tech Lab  
  75  7:18  SCV  
  75  7:19  SCV  
  75  7:21  Orbital Command  
  77  7:24  Marine x4  
  77  7:27  Medivac x2  
  85  7:30  Marine x2  
  85  7:31  SCV x2  
  89  7:42  Marine x3  
  89  7:43  Marauder  
  94  7:48  Marine  
  95  7:53  Marine  
  95  7:55  Siege Tank  
  95  7:57  Medivac x2  
  105  8:00  Marine x3  
  105  8:03  Marine  
  105  8:04  SCV x2  
  105  8:05  Marine, SCV  
  112  8:06  Terran Infantry Weapons Level 2  
  112  8:08  Terran Infantry Armor Level 2  
  112  8:11  Marine  
  112  8:15  Supply Depot  
  112  8:16  Supply Depot, SCV  
  112  8:17  Marauder, SCV x2  
  112  8:18  Supply Depot  
  117  8:31  SCV  
  112  8:37  Siege Tank  
  100  8:43  Concussive Shells  
  100  8:44  Marauder, Marine x5  
  100  8:45  Marauder, Factory  
  100  8:47  SCV  
  110  9:02  Marine  
  110  9:06  Marauder x2  
  108  9:15  Marine x2  
  105  9:20  Marine  
  105  9:22  SCV x3  
  109  9:26  Marine x2  
  109  9:27  Marauder x2  
  109  9:28  Siege Tank  
  118  9:33  Marine  
  118  9:34  SCV x3, Marine  
  118  9:37  Factory Tech Lab  
  123  9:38  Marine  
  124  9:45  Marine  
  124  9:46  Barracks Tech Lab, SCV x3  
  124  9:49  Marauder x2  
  132  9:56  Siege Tank  
  132  9:57  Marine x3  
  132  9:58  SCV x3  
  141  10:19  Marauder  
  141  10:27  Supply Depot  
  141  10:28  Supply Depot  
  141  10:29  Supply Depot  
  141  10:30  Siege Tank, Marine  
  141  10:31  Marauder x2  
  149  10:38  Refinery  
  149  10:39  Refinery  
  149  10:48  SCV x3, Marine x3  
  149  10:49  Marauder, Marine  
  161  10:52  Marine x2  
  161  10:54  Missile Turret x2  
  161  10:55  Missile Turret  
  161  10:56  Missile Turret x2  
  159  11:00  SCV  
Show
View Real Time Build Order
Export as new Build Order

RenamOn Zerg 

Build Orders: Hatch First, Muta Ling Bane 

Get SALT Encoding   

  12  0:00  Drone  
  13  0:13  Overlord  
  13  0:17  Drone  
  14  0:31  Drone x2  
  14  0:35  Drone  
  17  0:54  Hatchery  
  16  0:57  Drone  
  16  1:00  Extractor  
  16  1:02  Drone  
  17  1:19  Spawning Pool  
  17  1:21  Drone  
  17  1:24  Drone  
  18  1:39  Drone x2  
  20  1:49  Overlord  
  20  2:07  Queen, Metabolic Boost  
  20  2:08  Queen  
  22  2:11  Zergling x2  
  22  2:14  Zergling x2  
  26  2:20  Drone x2  
  28  2:43  Spore Crawler  
  26  2:49  Queen  
  27  3:09  Drone x5  
  32  3:13  Overlord  
  32  3:15  Hatchery  
  31  3:22  Queen  
  33  3:42  Roach Warren, Zergling x2  
  33  3:43  Zergling x6  
  33  3:46  Drone x2  
  38  3:54  Drone x3  
  41  3:56  Drone  
  41  3:58  Drone  
  43  4:10  Lair  
  43  4:12  Drone x2, Extractor  
  44  4:25  Overlord x2  
  44  4:29  Drone x4  
  44  4:31  Drone  
  49  4:32  Drone  
  49  4:37  Extractor  
  49  4:38  Drone  
  50  4:45  Drone x3  
  52  4:55  Drone  
  52  4:56  Drone x7  
  60  5:06  Drone  
  60  5:07  Drone x3  
  63  5:12  Roach  
  66  5:23  Overlord  
  63  5:42  Drone  
  63  5:43  Drone  
  63  5:45  Zergling x2  
  63  5:46  Zergling x8, Roach  
  63  5:47  Extractor, Roach  
  63  5:48  Overlord x4  
  72  5:57  Overlord  
  72  5:58  Zergling x2, Baneling Nest  
  72  5:59  Zergling x2  
  72  6:02  Overseer  
  73  6:08  Roach x4  
  73  6:09  Roach x6  
  93  6:33  Drone x3, Extractor  
  93  6:34  Drone x3, Extractor  
  93  6:35  Roach x2  
  99  6:53  Spire, Overlord x3  
  98  6:54  Drone x2  
  98  6:58  Queen x2  
  98  6:59  Queen  
  98  7:00  Overlord x2  
  105  7:03  Glial Reconstitution  
  101  7:09  Hatchery  
  99  7:23  Drone  
  99  7:24  Drone x4  
  99  7:25  Drone x3  
  99  7:26  Drone x2, Evolution Chamber  
  99  7:27  Evolution Chamber  
  107  7:32  Roach x5  
  116  7:46  Overlord x2  
  116  7:47  Roach x2  
  106  7:52  Zergling x2  
  106  7:55  Zergling x4  
  106  7:56  Ravager  
  106  7:57  Ravager  
  109  8:06  Zergling x12, Roach x2  
  109  8:07  Centrifical Hooks, Zergling x2  
  120  8:15  Baneling x2  
  120  8:17  Baneling x4  
  120  8:18  Roach x3  
  119  8:36  Roach x4  
  119  8:37  Roach x4  
  134  8:42  Queen  
  136  8:49  Roach  
  136  8:50  Roach x3  
  136  8:52  Zerg Ground Armor Level 1, Zerg Missile Weapons Level 1  
  136  8:54  Overseer x2  
  144  9:07  Hatchery  
  137  9:11  Extractor  
  137  9:15  Extractor  
  126  9:17  Mutalisk  
  126  9:18  Mutalisk x2  
  126  9:19  Zergling x2  
  126  9:20  Zergling x16  
  121  9:36  Mutalisk  
  121  9:37  Mutalisk x2  
  121  9:38  Overlord x3  
  127  9:39  Zergling x6, Overlord  
  127  9:40  Zergling x2  
  131  9:47  Overlord  
  131  9:52  Spore Crawler  
  130  9:53  Infestation Pit  
  130  9:55  Overseer  
  130  9:56  Pneumatized Carapace  
  129  10:07  Baneling x6  
  129  10:09  Mutalisk  
  129  10:11  Roach x3  
  129  10:12  Zergling x10, Roach  
  140  10:25  Drone x7  
  140  10:26  Drone x3  
  147  10:44  Extractor  
  147  10:47  Extractor  
  135  10:51  Mutalisk x3  
Tags
 
Add a new tag
Caveats
  • Supply blocks, unpowered buildings, or Contaminate may cause inaccurate times.
  • Supply counts are checked every 10 seconds.